 Dungeon Crawl Stone Soup version 0.23.0 (webtiles) character file.

Game seed: 17470713745009048669

203 Borgoz the Skirmisher (level 5, -6/33 HPs)
             Began as a Gargoyle Fighter on Feb 9, 2019.
             Mangled by a worm (11 damage)
             ... on level 3 of the Dungeon.
             The game lasted 00:02:44 (2067 turns).

Borgoz the Skirmisher (Gargoyle Fighter)            Turns: 2067, Time: 00:02:45

Health: -6/33      AC: 11    Str: 20    XL:     5   Next: 81%
Magic:  5/5        EV:  8    Int:  8    God:
Gold:   140        SH:  9    Dex: 10    Spells: 4/4 levels left

rFire    . . .     SeeInvis .   a - +0 war axe
rCold    . . .     Gourm    .   c - +0 shield
rNeg     + . .     Faith    .   b - +0 scale mail
rPois    ∞         Spirit   .   (no helmet)
rElec    +         Reflect  .   (no cloak)
rCorr    .         Harm     .   (no gloves)
MR       .....                  (no boots)
Stlth    ..........             (no amulet)
HPRegen  0.11/turn              (no ring)
MPRegen  0.09/turn              (no ring)

@: no status effects
A: negative energy resistance 1, electricity resistance, unbreathing,
petrification resistance, rot immunity, AC +4
a: no special abilities


You were on level 3 of the Dungeon.
You were not hungry.

You visited 1 branch of the dungeon, and saw 3 of its levels.

You collected 140 gold pieces.

Inventory:

Hand Weapons
 a - a +0 war axe (weapon)
 p - a +0 blowgun
Missiles
 r - 6 poisoned needles
Armour
 b - a +0 scale mail (worn)
 c - a +0 shield (worn)
Jewellery
 h - a +4 ring of intelligence {unknown}
 n - a +2 ring of protection {unknown}
 s - a cursed amulet of inaccuracy {unknown}
Wands
 w - a wand of acid (6)
Scrolls
 g - 2 scrolls of teleportation {unknown}
 i - 2 scrolls of identify {unknown}
 j - a scroll of enchant weapon {unknown}
 l - a scroll of amnesia {unknown}
 q - a scroll of remove curse {unknown}
 t - a scroll of noise {unknown}
Potions
 d - a potion of might
 e - 3 potions of curing {unknown}
 k - 3 potions of heal wounds {unknown}
 m - a potion of brilliance {unknown}
 o - a potion of agility {unknown}
 v - a potion of haste {unknown}
Comestibles
 f - 4 rations
 u - a chunk of flesh


   Skills:
 + Level 4.2 Fighting
 + Level 2.7 Axes
 + Level 4.2 Armour
 + Level 1.8 Dodging
 + Level 4.2 Shields


You had 4 spell levels left.
You didn't know any spells.
Your spell library was empty.

Dungeon Overview and Level Annotations

Branches:
Dungeon (3/15)

Altars:
Cheibriados
Dithmenos
Hepliaklqana
Nemelex Xobeh
Qazlal
Trog
Xom


Innate Abilities, Weirdness & Mutations

You are resistant to torment.
Your stone body is resilient. (AC +4)
You are immune to poison.
You resist negative energy. (rN+)
You are resistant to electric shocks. (rElec)
You can survive without breathing.
You are immune to petrification.
You are immune to rotting.


Message History

The rat bites you but does no damage.
You hit the worm.
The worm is almost dead.
You closely miss the rat.
The moth of wrath goads the rat on!
The rat goes berserk!
You block the rat's attack. The worm bites you. The worm closely misses you.
The rat bites you but does no damage.
You barely miss the worm.
The worm is almost dead.
You hit the rat. You block the rat's attack. The worm bites you!
* * * LOW HITPOINT WARNING * * *
The rat barely misses you.
Some of the chunks of flesh in your inventory have rotted away.
Unknown command.
You see here a rat corpse.
The rat bites you.
* * * LOW HITPOINT WARNING * * *
You slash the rat!
You kill the rat!
You barely miss the worm. The worm bites you!
You die...

....
#...................##....
#...................######
#..#######..........#
#.###....##.........#
###.......##........#
#.).......#..#######
#)...#....##.#
#.)..###w..##.#
#.._.#y#.@....#
#)...###...####
##....#....# #.........#
##.......## ###....##
######


You could see a moth of wrath and a worm (berserk).

Vanquished Creatures
  2 orc priests (D:3)
  A hound zombie (D:3)
  A gnoll (D:1)
  3 adders (D:2)
  An ooze (D:1)
  A worm (D:3)
  2 dart slugs (D:2)
  2 leopard geckos
  7 orcs (D:3)
  8 bats
  4 giant cockroaches
  10 goblins
  5 hobgoblins
  4 jackals (D:2)
  8 kobolds
  2 frilled lizards (D:2)
  A quokka zombie (D:2)
  11 rats
73 creatures vanquished.

Notes
Turn   | Place    | Note
-------+----------+-------------------------------------------
     0 | D:1      | Borgoz the Gargoyle Fighter began the quest for the Orb.
     0 | D:1      | Reached XP level 1. HP: 14/14 MP: 1/1
    97 | D:1      | Reached XP level 2. HP: 16/19 MP: 2/2
   444 | D:1      | Reached XP level 3. HP: 23/23 MP: 3/3
   682 | D:2      | Found a shimmering altar of Xom.
   835 | D:2      | Reached skill level 1 in Dodging
   858 | D:2      | Reached XP level 4. HP: 26/29 MP: 4/4
  1049 | D:2      | Found a sparkling altar of Nemelex Xobeh.
  1275 | D:3      | Reached XP level 5. HP: 9/33 MP: 5/5
  1755 | D:3      | Found a hazy altar of Hepliaklqana.
  1755 | D:3      | Found a snail-covered altar of Cheibriados.
  1762 | D:3      | Found a shadowy altar of Dithmenos.
  1895 | D:3      | Found a stormy altar of Qazlal.
  2049 | D:3      | Noticed a moth of wrath
  2052 | D:3      | Found a bloodstained altar of Trog.
  2067 | D:3      | Mangled by a worm

Skill      XL: |  1  2  3  4 |
---------------+-------------+-----
Axes           | 2 |  2.7
Dodging        | 1 |  1.8
Fighting       | 4 |  4.2
Armour         | 4 |  4.2
Shields        | 4 |  4.2

Action                   |  1- 3 |  4- 6 || total
-------------------------+-------+-------++-------
Melee: War axe           |    87 |   130 ||   217
  Eat: Chunk             |       |     4 ||     4
Armor: Scale mail        |    60 |    80 ||   140
Dodge: Dodged            |    21 |    46 ||    67
Block: Shield            |    43 |    64 ||   107
